 Dungeon Crawl Stone Soup version 0.30-a0-297-g0ec75d9ef4 (webtiles) character file.

Game seed: 17700142388845281271

2816 purpskrrrp the Cleaver (level 9, 0/70 HPs)
             Began as a Minotaur Fighter on Oct 18, 2022.
             Was a Follower of Yredelemnul.
             Slain by an orc warrior
             ... wielding a +0 trident
              (15 damage)
             ... in a bailey.
             The game lasted 00:13:37 (6649 turns).

purpskrrrp the Cleaver (Minotaur Fighter)           Turns: 6649, Time: 00:13:37

Health: 0/70       AC: 14    Str: 25    XL:     9   Next: 44%
Magic:  2/2        EV:  6    Int:  5    God:    Yredelemnul [*.....]
Gold:   247        SH:  4    Dex: 10    Spells: 8/8 levels left

rFire   . . .      SeeInvis .    s - +11 spear of Superiority {antimagic, rC+}
rCold   + . .      Faith    .    c - +0 buckler
rNeg    . . .      Spirit   .    l - +0 plate armour
rPois   .          Reflect  .    (helmet restricted)
rElec   .          Harm     .    r - +0 cloak
rCorr   .          Rampage  .    (no gloves)
Will    .....                    (no boots)
Stlth   ..........               (no amulet)
HPRegen 0.31/turn                (no ring)
MPRegen 0.08/turn                (no ring)

@: hasted, very quick
A: horns 2, retaliatory headbutt
a: Renounce Religion, Recall Undead Harvest


You were in a bailey.
You worshipped Yredelemnul.
Yredelemnul was noncommittal.
You visited 1 branch of the dungeon, and saw 7 of its levels.
You also visited: Bailey.

You collected 247 gold pieces.

Inventory:

Hand Weapons
 a - a +1 war axe of freezing
 h - a +0 short sword of holy wrath
 s - the +11 spear of Superiority (weapon) {antimagic, rC+}
   (You found it on level 5 of the Dungeon)

   It reduces the magical energy of the wielder, and disrupts the spells and
   magical abilities of those it strikes.
   Natural abilities and divine invocations are not affected.
   rC:        It protects you from cold.
Armour
 b - a +0 scale mail
 c - a +0 buckler (worn)
 l - a +0 plate armour (worn)
 r - a +0 cloak (worn)
Wands
 d - a wand of digging (4)
 t - a wand of mindburst (15)
Scrolls
 e - 2 scrolls of immolation
Potions
 g - a potion of berserk rage {unknown}
 i - 2 potions of degeneration
 j - 2 potions of attraction {unknown}
 m - 2 potions of flight
 n - a potion of lignification {unknown}
 p - a potion of mutation {unknown}
 q - a potion of haste


   Skills:
 - Level 3.6 Fighting
 + Level 12.7(13.5) Axes
 * Level 7.4(11.0) Polearms
 + Level 6.4 Armour
 - Level 3.6 Shields


You had 8 spell levels left.
You didn't know any spells.
Your spell library contained the following spells:

 Spells                   Type           Power      Damage    Failure   Level
 Sandblast                Erth           0%         2d4       100%        1
 Passwall                 Tmut/Erth      0%         N/A       100%        2
 Sublimation of Blood     Necr           0%         N/A       100%        2
 Stone Arrow              Conj/Erth      0%         3d7       100%        3
 Petrify                  Tmut/Erth      0%         N/A       100%        4
 Irradiate                Conj/Tmut      0%         3d11      100%        5


Dungeon Overview and Level Annotations

Branches:
Dungeon (7/15)             Temple (0/1) D:6          Bailey (1/1)

Altars:
Qazlal
Uskayaw
Yredelemnul
The Shining One

Shops:
D:3 (   D:4 [   D:6 *

Annotations:
D:4 2 transporters


Innate Abilities, Weirdness & Mutations

You have a pair of horns on your head.
You reflexively headbutt those who attack you in melee.


Message History

The orc knight hits your orc warrior zombie with a +0 halberd!
Your orc warrior zombie barely misses the orc knight.
Your orc warrior zombie misses the orc knight.
The orc knight hits your orc warrior zombie with a +0 halberd.
Your orc warrior zombie misses the orc knight.
The orc knight hits your orc warrior zombie with a +0 halberd!
You feel better.
Your orc warrior zombie hits the orc knight.
Your orc warrior zombie closely misses the orc knight.
The orc knight hits your orc warrior zombie with a +0 halberd!
You feel yourself speed up.
Your orc warrior zombie barely misses the orc knight.
Your orc warrior zombie closely misses the orc knight.
The orc knight hits your orc warrior zombie with a +0 halberd.
You are too injured to fight recklessly!
You are too injured to fight recklessly!
You are too injured to fight recklessly!
Your orc warrior zombie hits the orc knight but does no damage.
The orc knight barely misses your orc warrior zombie.
Your orc warrior zombie closely misses the orc knight.
You swap places.
The orc knight hits you from afar with a +0 halberd!
Your orc warrior zombie completely misses the orc knight.
You swap places.
Your orc warrior zombie closely misses the orc knight.
Things that are here:
a +0 halberd; a +0 chain mail You barely miss the orc knight.
The orc knight is heavily wounded.
The orc knight hits your orc warrior zombie with a +0 halberd!
The orc warrior hits you from afar with a +0 trident!
* * * LOW HITPOINT WARNING * * *
You hit the orc knight. You headbutt the orc knight!
The orc knight is severely wounded.
You puncture the orc knight!
The orc knight is almost dead.
Your orc warrior zombie closely misses the orc knight.
The orc warrior hits you from afar with a +0 trident!
You die...
Your body rises from the dead as a mindless zombie.

##..♣♣♣≈≈≈≈≈♣♣
#....♣♣≈≈≈≈≈.♣#
####..♣≈≈≈≈≈...#
####.$#..♣≈≈≈≈..♣.##
.....#...≈≈≈≈.....##
...##.♣.≈≈≈≈..♣....
#.o#....≈≈≈≈.......
#8o#...######......
#Z@#...)...........
#ZZZ...............
#..'...............
#..#...............
#8.#...######......
#))#....≈ ≈..♣....
......).)##...≈≈≈≈..♣♣...
......)...#...≈≈≈ ....##
########.$#..≈≈≈≈


You could see an orc knight (ally target), an orc warrior (strong), a friendly
orc zombie and 3 friendly orc warrior zombies.

Vanquished Creatures
  Grinder (D:3)
  Menkaure (D:4)
  3 water moccasins
  3 orc warriors (Bailey)
  2 black bears (D:6)
  A sky beast (D:7)
  4 ogres
  A phantom (D:5)
  2 scorpions
  2 bullfrogs
  A wight (D:7)
  5 electric eels
  2 jellies (D:6)
  3 orc priests
  A gnoll bouda (D:6)
  3 iguanas
  2 orc wizards
  7 gnolls (D:6)
  8 adders
  3 ufetubi
  2 worms
  4 dart slugs
  22 orcs
  9 ball pythons
  An endoplasm (D:3)
  3 giant cockroaches
  12 goblins
  8 hobgoblins
  5 jackals
  6 quokkas
  9 bats
  4 frilled lizards
  6 kobolds
  6 rats
152 creatures vanquished.

Vanquished Creatures (collateral kills)
  An orc warrior (Bailey)
  An orc wizard (D:6)
  2 gnolls (D:6)
  3 orcs (Bailey)
  A bat (D:3)
  A hobgoblin (D:2)
  2 jackals (D:5)
  A quokka (D:1)
  2 frilled lizards (D:2)
14 creatures vanquished.

Vanquished Creatures (others)
  A water moccasin zombie (D:6)
  A bullfrog zombie (D:6)
  An ogre zombie (D:6)
  An adder zombie (D:6)
  A jelly zombie (D:6)
  8 orc zombies
  2 bat zombies
  2 gnoll zombies (D:6)
  2 ball python zombies
  A dart slug zombie (D:2)
  A jackal zombie (D:3)
  63 plants
84 creatures vanquished.

Grand Total: 250 creatures vanquished

Notes
Turn   | Place    | Note
-------+----------+-------------------------------------------
     0 | D:1      | purpskrrrp the Minotaur Fighter began the quest for the
                  | Orb.
     0 | D:1      | Reached XP level 1. HP: 19/19 MP: 0/0
    42 | D:1      | Found a faded altar of an unknown god.
    49 | D:1      | Reached skill level 3 in Axes
    65 | D:1      | Prayed at the altar of an unknown god.
    65 | D:1      | Became a worshipper of Yredelemnul the Dark
    65 | D:1      | Reached * piety under Yredelemnul
    88 | D:1      | Reached XP level 2. HP: 26/26 MP: 1/1
   260 | D:1      | Reached ** piety under Yredelemnul
   348 | D:1      | Reached skill level 4 in Axes
   581 | D:1      | Reached *** piety under Yredelemnul
   747 | D:2      | Reached XP level 3. HP: 31/31 MP: 2/2
   902 | D:2      | Reached skill level 5 in Axes
  1051 | D:2      | Reached XP level 4. HP: 39/39 MP: 3/3
  1662 | D:3      | Noticed Grinder
  1670 | D:3      | Paralysed by Grinder for 2 turns
  1675 | D:3      | Killed Grinder
  1676 | D:3      | Reached skill level 7 in Axes
  1676 | D:3      | Reached XP level 5. HP: 20/45 MP: 4/4
  1676 | D:3      | Reached XP level 6. HP: 23/51 MP: 5/5
  1792 | D:3      | Found Ezuibb's Weapon Boutique.
  2126 | D:4      | Found a transporter.
  2163 | D:4      | Found a glowing golden altar of the Shining One.
  2233 | D:4      | Reached skill level 8 in Axes
  2246 | D:4      | Noticed Menkaure
  2252 | D:4      | Killed Menkaure
  2322 | D:4      | Found Naokhiro's Armour Shoppe.
  2372 | D:4      | Found a stormy altar of Qazlal.
  2491 | D:4      | Reached skill level 9 in Axes
  2563 | D:4      | Reached XP level 7. HP: 57/57 MP: 6/6
  2619 | D:4      | Found a transporter.
  2907 | D:5      | Entered Level 5 of the Dungeon
  3131 | D:5      | Reached skill level 10 in Axes
  3265 | D:5      | Reached skill level 11 in Axes
  3267 | D:5      | Reached XP level 8. HP: 32/64 MP: 7/7
  3488 | D:5      | Identified the +11 spear of Superiority {antimagic, rC+}
  3817 | D:5      | Found a hide-covered altar of Uskayaw.
  3877 | D:6      | Reached skill level 1 in Polearms
  4004 | D:6      | Found Wenlimau's General Store.
  5130 | D:6      | Reached skill level 12 in Axes
  5309 | D:6      | Reached skill level 5 in Armour
  5431 | D:6      | Found a staircase to the Ecumenical Temple.
  5453 | D:6      | Reached skill level 5 in Polearms
  5858 | D:6      | Reached XP level 9. HP: 60/70 MP: 2/8
  6396 | D:7      | Found a flagged portal.
  6421 | Bailey   | Entered a bailey
  6630 | Bailey   | Noticed an orc knight
  6649 | Bailey   | Slain by an orc warrior

Illustrated notes

Levels and vault maps discovered:
D:1:      giann_bridges, layout_loops_cross, nicolae_ecumenical_snake_handling,
          nicolae_concentric_dashed_squares_wild
D:2:      layout_loops_ring
D:3:      layout_basic, serial_shops, nicolae_shop_bloodbath_and_beyond,
          uniq_grinder
D:4:      gammafunk_steamed_eel, layout_cave_pods, tso_oasis_becter,
          grunt_qazlal_clouds, serial_shops, nicolae_square_shop, hex_tiny,
          minivault_25, serial_park_tiny_pond, uniq_menkaure
D:5:      layout_basic, mainiacjoe_overflow_tiny_flanked,
          chequers_serial_rivers_micro_a, fountainhead
D:6:      layout_basic, minmay_temple_entry_tees, serial_shops, shop,
          serial_bayou, serial_bayou_lake_a, serial_bayou_crossing,
          serial_bayou_lagoon_b, serial_bayou_pond_e, hangedman_decor_growths
D:7:      layout_cave_pools, enter_bailey_5, serial_bayou,
          serial_bayou_lagoon_a, serial_bayou_shore_a, serial_bayou_pond_a,
          serial_bayou_pond_d, serial_bayou_shore_b, serial_shops,
          nicolae_square_shop
Bailey:   bailey_polearm_elven_captive_hellmonk, bailey

Skill      XL: |  1  2  3  4  5  6  7  8  9 |
---------------+----------------------------+-----
Axes           | 3 4 5 7 9 11 12 | 12.7
Polearms       | 5 7 |  7.4
Armour         | 5 6 |  6.4
Fighting       | |  3.6
Shields        | |  3.6

Action                   |  1- 3 |  4- 6 |  7- 9 || total
-------------------------+-------+-------+-------++-------
Melee: War axe           |    73 |    74 |    44 ||   191
       Headbutt          |    10 |     5 |    27 ||    42
       Spear             |       |       |   190 ||   190
  Use: Scroll            |     6 |     4 |     5 ||    15
       Potion            |       |     1 |     6 ||     7
 Stab: Distracted        |     1 |       |       ||     1
Armor: Scale mail        |    26 |     1 |       ||    27
       Plate armour      |       |    49 |    95 ||   144
Dodge: Dodged            |    32 |    30 |    46 ||   108
Block: Buckler           |    11 |    15 |    34 ||    60

Table legend: (Time is in decaauts)
 A = Elapsed time spent in this place.
 B = Non-inter-level travel time spent in this place.
 C = Inter-level travel time spent in this place.
 D = Time resting spent in this place.
 E = Time spent auto-exploring this place.
 F = Levels seen in this place.
 G = Mean time per level.
                   A        B        C        D        E       F      G
               +--------+--------+--------+--------+--------+-----+--------+
         Total |   6707 |   6533 |    174 |   1409 |   4007 |   8 |  838.4 |
       Dungeon |   6504 |   6330 |    174 |   1409 |   3865 |   7 |  929.1 |
        Bailey |    202 |    202 |      0 |      0 |    142 |   1 |  202.0 |
               +--------+--------+--------+--------+--------+-----+--------+

Top non-repeatable levels by time:
     D:6: 2372 daAuts
     D:5: 944 daAuts
     D:4: 819 daAuts
     D:1: 745 daAuts
     D:2: 733 daAuts
     D:3: 648 daAuts
     D:7: 240 daAuts
  Bailey: 202 daAuts
